 Dungeon Crawl Stone Soup version 0.29-a0-517-gbdf32494f2 (webtiles) character file.

Game seed: 2803075308154891779

53 xian the Gusty (level 3, 0/26 HPs)
             Began as a Draconian Air Elementalist on May 30, 2022.
             Slain by a gnoll
             ... wielding a +0 whip
              (9 damage)
             ... on level 2 of the Dungeon.
             The game lasted 00:03:49 (1817 turns).

xian the Gusty (Draconian Air Elementalist)         Turns: 1817, Time: 00:03:50

Health: 0/26       AC:  5    Str: 10    XL:     3   Next: 64%
Magic:  1/6        EV: 12    Int: 17    God:
Gold:   51         SH:  0    Dex: 11    Spells: 5/6 levels left

rFire   . . .      SeeInvis .   e - +0 short sword
rCold   . . .      Faith    .   (no shield)
rNeg    . . .      Spirit   .   (body armour unavailable)
rPois   .          Reflect  .   (helmet restricted)
rElec   .          Harm     .   (no cloak)
rCorr   .          Rampage  .   (no gloves)
Will    .....                   (no boots)
Stlth   ++........              (no amulet)
HPRegen 0.08/turn               (no ring)
MPRegen 0.10/turn               (no ring)

@: no status effects
A: AC +5, unfitting armour, cold-blooded
a: no special abilities


You were on level 2 of the Dungeon.
You visited 1 branch of the dungeon, and saw 2 of its levels.

You collected 51 gold pieces.

Inventory:

Hand Weapons
 e - a +0 short sword (weapon)
Missiles
 m - 5 poisoned darts
Scrolls
 d - a scroll of fear {unknown}
 f - a scroll of brand weapon {unknown}
 g - a scroll of amnesia {unknown}
 i - 2 scrolls of fog {unknown}
 l - a scroll of vulnerability {unknown}
Potions
 a - a potion of magic
 b - a potion of ambrosia {unknown}
 c - a potion of lignification {unknown}
 h - 2 potions of curing {unknown}
 j - a potion of might {unknown}
 k - a potion of brilliance {unknown}
 n - a potion of attraction {unknown}


   Skills:
 + Level 0.1 Fighting
 + Level 2.4 Dodging
 + Level 1.9 Stealth
 + Level 2.3 Spellcasting
 + Level 1.8 Conjurations
 + Level 3.5 Air Magic


You had 5 spell levels left.
You knew the following spells:

 Your Spells              Type           Power      Damage    Failure   Level
a - Shock                 Conj/Air       44%        1d5       6%          1

Your spell library contained the following spells:

 Spells                   Type           Power      Damage    Failure   Level
 Static Discharge         Conj/Air       11%        N/A       10%         2
 Swiftness                Air            14%        N/A       13%         3
 Airstrike                Air            7%         N/A       41%         4


Dungeon Overview and Level Annotations

Branches:
Dungeon (2/15)

Altars:


Innate Abilities, Weirdness & Mutations

Your plain brown scales are hard. (AC +5)
You cannot fit into any form of body armour.
You are cold-blooded and may be slowed by cold attacks.


Message History

Your magical contamination has completely faded away.
The zap misses the gnoll.
The zap hits the gnoll.
The gnoll is lightly wounded.
The gnoll closely misses you.
A gnoll comes into view. It is wielding a +0 club.
The kobold barely misses you.
The zap hits the gnoll but does no damage.
The gnoll is heavily wounded.
The zap misses the gnoll.
The gnoll shouts!
The kobold closely misses you. The gnoll hits you with a +3 whip.
The zap hits the gnoll.
The gnoll is severely wounded.
The zap hits the gnoll.
The gnoll is moderately wounded.
A gnoll comes into view. It is wielding a +0 club.
The kobold hits you but does no damage.
The zap hits the gnoll.
The gnoll is moderately wounded.
The zap hits the gnoll.
The gnoll is almost dead.
The kobold hits you but does no damage. The gnoll attacks as you move away!
The gnoll closely misses you. The gnoll attacks as you move away!
The gnoll hits you with a +0 whip.
Found a book of Unlife.
The kobold attacks as you move away! The kobold hits you but does no damage.
The gnoll barely misses you. The gnoll attacks as you move away!
The gnoll hits you with a +0 whip. The kobold attacks as you move away!
The kobold hits you but does no damage. The gnoll attacks as you move away!
The gnoll hits you with a +0 whip. The gnoll attacks as you move away!
The gnoll barely misses you. The kobold attacks as you move away!
The kobold misses you. The gnoll attacks as you move away!
The gnoll barely misses you.
You hit the gnoll.
The gnoll is heavily wounded.
The gnoll barely misses you.
You completely miss the gnoll. You tail-slap the gnoll.
The gnoll is severely wounded.
The gnoll hits you with a +0 whip!
You die...

#..........#..(. #....#
#..........#....#####....#
#..........#.............#
#....!.....#.............#
#..........#......#......##
##......g.g#......##.....†.
.#......gK#....#........##
#...####g#...##.#[##...#
#... #@.........#..### .:
####....##...##
......#..#..##
#######.....# ###
######..###### ...
#............. #.# #######
#.#....#####.. # #.#
#.....# #.#....+
#.##.###..##.#.#.#....#


You could see 4 gnolls and a kobold.

Vanquished Creatures
  3 adders (D:2)
  A dart slug (D:1)
  An endoplasm (D:2)
  2 goblins
  2 hobgoblins
  4 kobolds
  2 quokkas (D:2)
  A ball python (D:2)
  2 bats
  4 frilled lizards (D:1)
  5 rats (D:1)
27 creatures vanquished.

Notes
Turn   | Place    | Note
-------+----------+-------------------------------------------
     0 | D:1      | xian the Draconian Air Elementalist began the quest for the
                  | Orb.
     0 | D:1      | Reached XP level 1. HP: 14/14 MP: 3/3
   261 | D:1      | Reached XP level 2. HP: 20/20 MP: 5/5
  1215 | D:2      | Reached XP level 3. HP: 17/26 MP: 3/6
  1817 | D:2      | Slain by a gnoll

Illustrated notes

Levels and vault maps discovered:
D:1:      sevenhm_arrival_forest_fort_large_1, layout_loops_ring,
          corexii_corridor_pit, st_stairs_14
D:2:      layout_basic, serial_shops, nicolae_shop_stone, dk_noncrumbling_2,
          minmay_misc_feat_four_crosses, minmay_tromino_v4_c,
          uniq_crazy_yiuf_cottage

Skill      XL: |  1  2 |
---------------+-------+-----
Dodging        | 2 |  2.4
Fighting       | |  0.1
Stealth        | |  1.9
Spellcasting   | |  2.3
Conjurations   | |  1.8
Air Magic      | |  3.5

Action                   || total
-------------------------++-------
Melee: Unarmed           ||     7
       Short sword       ||    32
       Staff             ||     1
       Punch             ||     2
       Tailslap          ||     1
 Cast: Shock             ||    51
Armor: Skin              ||    21
Dodge: Dodged            ||    58

Table legend: (Time is in decaauts)
 A = Elapsed time spent in this place.
 B = Non-inter-level travel time spent in this place.
 C = Inter-level travel time spent in this place.
 D = Time resting spent in this place.
 E = Time spent auto-exploring this place.
 F = Levels seen in this place.
 G = Mean time per level.
                   A        B        C        D        E       F      G
               +--------+--------+--------+--------+--------+-----+--------+
         Total |   1823 |   1806 |     17 |     28 |   1476 |   2 |  911.5 |
       Dungeon |   1823 |   1806 |     17 |     28 |   1476 |   2 |  911.5 |
               +--------+--------+--------+--------+--------+-----+--------+

Top non-repeatable levels by time:
     D:1: 1066 daAuts
     D:2: 757 daAuts
